 Dungeon Crawl Stone Soup version 0.28-a0-1447-ga5a8893891 (webtiles) character file.

Game seed: 3962270870064005234

86944 siradein the Thaumaturge (level 16, -7/108 HPs)
             Began as a Djinni Fire Elementalist on Jan 12, 2022.
             Was the Champion of Hepliaklqana.
             Mangled by Donald (30 damage)
             ... on level 2 of the Orcish Mines.
             The game lasted 01:54:56 (22081 turns).

siradein the Thaumaturge (DjFE)                    Turns: 22081, Time: 01:54:57

Health: -7/108     AC:  7    Str:  7    XL:     16   Next: 35%
Gold:   1416       EV: 17    Int: 31    God:    Hepliaklqana [******] SH:  0 Dex: 14

rFire   + + +      SeeInvis .   T - staff of conjuration
rCold   x x .      Faith    .   x - orb {mayhem}
rNeg    . . .      Spirit   .   e - +1 troll leather armour
rPois   ∞          Reflect  .   E - +0 hat {Will+}
rElec   .          Harm     .   B - +0 cloak
rCorr   .          Rampage  .   q - +0 pair of gloves
Will    ++...                   (boots unavailable)
Stlth   ++........              (no amulet)
HPRegen 1.08/turn               Q - ring of fire
MPRegen 0.00/turn               p - +6 ring of intelligence

@: flying
A: reduced essence, sickness immunity, fire resistance 2, cold vulnerability 1,
float, innate caster, hp casting, extra vitality 1
a: Renounce Religion, Recall Ancestor, Ancestor Identity, Transference, Idealise


You were on level 2 of the Orcish Mines.
You worshipped Hepliaklqana.
Hepliaklqana was exalted by your worship.
You visited 3 branches of the dungeon, and saw 20 of its levels.
You also visited: Volcano.

You collected 1476 gold pieces.
You spent 60 gold pieces at shops.

Inventory:

Hand Weapons
 g - a +2 eveningstar of flaming
Missiles
 H - 3 throwing nets
Armour
 e - a +1 troll leather armour (worn)
 q - a +0 pair of gloves (worn)
 x - an orb of mayhem (worn)
 B - a +0 cloak (worn)
 C - the +1 robe "Temm" {rElec rC++ MP+9 Dex+3}
   (You found it on level 3 of the Lair of Beasts)

   Dex:       It affects your dexterity (+3).
   rC:        It greatly protects you from cold.
   rElec:     It insulates you from electricity.
   MP:        It affects your magic capacity (+9).
 E - a +0 hat of willpower (worn)
 M - +0 pearl dragon scales
Magical Staves
 t - a staff of air
 T - a staff of conjuration (weapon)
 V - a staff of cold
Jewellery
 d - a ring of protection from fire
 p - a +6 ring of intelligence (right hand)
 G - an amulet of faith
 Q - a ring of fire (left hand)
Wands
 h - a wand of polymorph (4)
 k - a wand of digging (26)
 v - a wand of mindburst (17)
 y - a wand of charming (27)
 D - a wand of paralysis (4)
 F - a wand of iceblast (2)
 L - a wand of acid (17)
 R - a wand of flame (16)
Scrolls
 b - a scroll of vulnerability
 l - 7 scrolls of fog
 r - 3 scrolls of fear
 u - 4 scrolls of immolation
 w - 4 scrolls of blinking
 A - 6 scrolls of teleportation
 O - 3 scrolls of holy word {unknown}
 P - a scroll of enchant weapon
 S - a scroll of silence {unknown}
Potions
 a - 4 potions of brilliance
 c - 16 potions of curing
 f - 3 potions of ambrosia
 i - 3 potions of lignification {unknown}
 j - 3 potions of cancellation {unknown}
 m - 6 potions of heal wounds
 n - 2 potions of resistance {unknown}
 o - 3 potions of magic {unknown}
 s - 2 potions of haste
 z - a potion of berserk rage {unknown}
 I - 2 potions of mutation {unknown}
 K - a potion of attraction {unknown}
Miscellaneous
 J - a condenser vane
 U - a phial of floods


   Skills:
 + Level 12.6 Fighting
 + Level 13.9 Dodging
 - Level 1.5 Stealth
 * Level 14.0 Spellcasting
 + Level 9.0 Invocations
 + Level 9.0 Evocations


You had 5 spell levels left.
You knew the following spells:

 Your Spells              Type           Power      Damage    Failure   Level
a - Foxfire               Conj/Fire      100%       2x1d9     0%          1
b - Scorch                Fire           100%       2d10      0%          2
c - Conjure Flame         Conj/Fire      100%       6-21      1%          3
d - Inner Flame           Hex/Fire       100%       N/A       1%          3
e - Flame Wave            Conj/Fire      100%       2d14      1%          4
f - Freeze                Ice            100%       1d11      0%          1
g - Corpse Rot            Necr/Air       100%       N/A       0%          2
h - Call Imp              Summ           83%        N/A       0%          2
i - Dispel Undead         Necr           83%        3d27      1%          4
j - Agony                 Necr           83%        N/A       1%          5
k - Fireball              Conj/Fire      64%        3d24      1%          5
l - Dispersal             Tloc           41%        N/A       1%          6
Your spell library was empty.

Dungeon Overview and Level Annotations

Branches:
Dungeon (12/15)            Temple (0/1) D:7            Lair (6/6) D:11
 Shoals (0/4) Lair:4       Spider (0/4) Lair:4        Slime (0/5) Lair:5
    Orc (2/2) D:10            Elf (0/3) Orc:2       Volcano (visited)

Altars:
Ashenzari
Cheibriados
Dithmenos
Fedhas
Hepliaklqana
Nemelex Xobeh
Qazlal
Trog
Uskayaw
Vehumet
Xom
The Shining One
Beogh
Jiyva

Shops:
D:8 !

Annotations:
Orc:2 Donald


Innate Abilities, Weirdness & Mutations

Your life essence is reduced to manifest your ancestor. (-10% HP)
You are immune to sickness and miasma.
You are immune to poison.
Your flesh is very heat resistant. (rF++)
You are vulnerable to cold. (rC-)
You float through the air rather than walking.
You learn spells naturally, not from books.
Your magical power is your life essence.
You have superior vitality. (+4 MHP)


Message History

Aiming: Fireball (mildly dangerous; 1% risk of failure)
Press: ? - help, Shift-Dir - straight line, f/p - Donald
Aim: Donald, wielding a +2 demon trident of draining, wearing a +4 plate armour of cold resistance and wearing a +0 kite shield (lightly wounded, fast, inner flame, strong, spells empowered)
You feel a strong surge of power!
The fireball explodes!
The fireball engulfs Donald!
Flame seeps out of Donald.
Donald is moderately wounded.
You hear a shout! x7
Donald is engulfed in blazing flames.
Flame seeps out of Donald.
Donald says, "Why would someone put a sword in a little box?"
Donald hits you from afar with a +2 demon trident of draining!!
Donald is engulfed in blazing flames.
Flame seeps out of Donald.
Donald hits you from afar with a +2 demon trident of draining!
Casting: Fireball (mildly dangerous; 1% risk of failure)
Confirm with . or Enter, or press ? or * to list all spells.
Aiming: Fireball (mildly dangerous; 1% risk of failure)
Press: ? - help, Shift-Dir - straight line, f/p - Donald
Aim: Donald, wielding a +2 demon trident of draining, wearing a +4 plate armour of cold resistance and wearing a +0 kite shield (flame, heavily wounded, fast, inner flame, strong, spells empowered)
You feel a strong surge of power!
The fireball explodes!
The fireball engulfs Donald!!!
Flame seeps out of Donald.
Donald is almost dead.
You hear a shout! x3
Donald is engulfed in blazing flames.
Flame seeps out of Donald.
Donald hits you from afar with a +2 demon trident of draining!!!
* * * LOW HITPOINT WARNING * * *
Unknown command.
Casting: Fireball (mildly dangerous; 1% risk of failure)
Confirm with . or Enter, or press ? or * to list all spells.
You don't have enough health to cast this spell.
Unknown command.
Unknown command.
Unknown command.
Casting: Fireball (mildly dangerous; 1% risk of failure)
Confirm with . or Enter, or press ? or * to list all spells.
You don't have enough health to cast this spell.
Unknown command.
Unknown command.
You feel much better.
Donald is engulfed in blazing flames.
Flame seeps out of Donald.
Donald hits you from afar with a +2 demon trident of draining!!
You die...

#.....#.>........
#.....#.......... ≈
##...............
≈≈ ##..............
.≈≈ #.....)........
#≈≈≈###............
##8)8.8#)@.........
.'.)...............
##8.8.8@..........$
#≈≈≈###........###
.≈≈ .........# ≈
..........#
#..........#
###.........
##.#..... ####.##


You could see Donald (fast, inner flame, strong, empowered).

Vanquished Creatures
  Gastronok (D:8)
  The ghost of flotson the Fighter, a journeyman DsGl of Gozag (Lair:4)
  6 hydras
  Harold (D:9)
  A boulder beetle (D:12)
  The ghost of porpoise the Martial Artist, a journeyman DsGl of Nemelex Xobeh (Lair:1)
  A merfolk avatar (Lair:6)
  2 death knights
  15 death yaks
  Urug (Lair:5)
  An orc high priest (Orc:1)
  2 sea snakes (Lair:6)
  A skeletal warrior (D:12)
  A deep elf archer (Volcano)
  Pikel (D:9)
  A harpy (Lair:6)
  2 orc knights (Orc:1)
  A lindwurm (Lair:6)
  3 orc sorcerers
  4 deep elf pyromancers (Volcano)
  2 oklob plants (Lair:5)
  2 manticores (Lair:6)
  A wolf spider (Lair:4)
  9 elephants
  4 black mambas
  3 gargoyles
  A torpor snail (Lair:6)
  17 cane toads
  9 komodo dragons
  An unseen horror (D:12)
  Maggie (Lair:1)
  2 kobold demonologists
  5 rime drakes
  2 freezing wraiths (D:12)
  4 trolls
  3 polar bears
  Prince Ribbit (D:5)
  3 hornets
  Grinder (D:4)
  8 blink frogs
  A snapping turtle (Lair:6)
  4 slime creatures
  6 dream sheep (Lair:5)
  Sigmund (D:6)
  5 wyverns
  3 vampires
  2 wraiths
  3 basilisks
  44 yaks
  Grum (D:9)
  Eustachio (D:4)
  3 steam dragons
  Menkaure (D:5)
  A vampire mosquito (D:12)
  3 wargs
  2 acid dragons
  Edmund (D:6)
  12 water moccasins
  2 hell hounds (Volcano)
  14 orc warriors
  An ice beast (D:6)
  2 black bears
  28 wolves
  2 centaurs
  8 ogres
  A phantom (D:7)
  Blork the orc (D:5)
  A kobold brigand (D:10)
  11 bullfrogs
  2 scorpions
  A gnoll sergeant (D:11)
  2 killer bees (D:9)
  10 wights
  2 howler monkeys
  2 bullfrog zombies
  2 centaur zombies
  19 orc priests
  A centaur skeleton (D:5)
  A bullfrog skeleton (D:6)
  Natasha (twice) (D:4)
  13 orc wizards
  2 hound skeletons
  Robin (D:4)
  10 gnolls
  7 adders
  A white imp (D:6)
  A worm (D:3)
  56 orcs
  4 bats (D:1)
  9 endoplasms
  4 giant cockroaches
  10 goblins
  6 hobgoblins
  10 jackals
  7 quokkas
  6 ball pythons
  2 frilled lizards (D:1)
  9 kobolds
  3 rats
  A bush (Lair:4)
  A plant (Lair:6)
498 creatures vanquished.

Vanquished Creatures (collateral kills)
  Frances (D:12)
  A hydra (Lair:6)
  Erica (D:8)
  5 death yaks
  A fire crab (shapeshifter) (D:9)
  A glowing orange brain (Lair:1)
  A harpy (Lair:6)
  4 deep elf pyromancers (Volcano)
  3 slime creatures
  An ugly thing (D:11)
  Maurice (D:8)
  4 elephants
  2 black mambas (Lair:6)
  5 cane toads
  2 komodo dragons
  A troll (Orc:1)
  A blink frog (Lair:6)
  A dream sheep (Lair:5)
  2 wyverns
  A basilisk (Lair:6)
  11 yaks
  2 fire elementals (Volcano)
  A vampire mosquito (D:12)
  4 water moccasins
  4 hell hounds (Volcano)
  3 orc warriors (Orc:1)
  4 wolves
  2 ogres
  A centaur (D:7)
  A kobold brigand (D:7)
  4 bullfrogs
  3 knights
  A killer bee (D:9)
  3 wights
  A centaur skeleton (D:7)
  4 orc priests
  3 jellies (Lair:1)
  4 orc wizards
  A gnoll (D:11)
  A shadow imp (D:8)
  21 orcs
  4 kobolds
  A foxfire (D:2)
123 creatures vanquished.

Vanquished Creatures (others)
  A komodo dragon (Lair:5)
  A yak (D:12)
  A vampire mosquito (D:12)
  An orc warrior (Orc:1)
  2 orc priests (Orc:1)
  2 orc wizards
  6 knights
  2 ancestors (D:5)
  5 orcs
  373 foxfires
  39 fungi
  77 plants
510 creatures vanquished.

Grand Total: 1131 creatures vanquished

Notes
Turn   | Place    | Note
-------+----------+-------------------------------------------
     0 | D:1      | siradein the Djinni Fire Elementalist began the quest for
                  | the Orb.
     0 | D:1      | Reached XP level 1. HP: 15/15 MP: 0/0
   104 | D:1      | Found a faded altar of an unknown god.
   347 | D:1      | Reached XP level 2. HP: 20/22 MP: 0/0
   488 | D:1      | Reached skill level 1 in Fighting
   488 | D:1      | Reached XP level 3. HP: 17/27 MP: 0/0
   488 | D:1      | Learned a level 1 spell: Freeze
   937 | D:1      | Reached skill level 3 in Spellcasting
  1443 | D:2      | Found a stormy altar of Qazlal.
  1556 | D:2      | Reached XP level 4. HP: 23/32 MP: 0/0
  2141 | D:3      | Found a sparkling altar of Nemelex Xobeh.
  2406 | D:3      | Found a shimmering altar of Xom.
  2407 | D:3      | Found a hazy altar of Hepliaklqana.
  2408 | D:3      | Noticed a spectral ugly thing
  2424 | D:3      | Became a worshipper of Hepliaklqana the Forgotten
  2860 | D:3      | Reached XP level 5. HP: 31/38 MP: 0/0
  2860 | D:3      | Learned a level 2 spell: Corpse Rot
  3335 | D:4      | Noticed a centaur
  3338 | D:4      | Killed a centaur
  3339 | D:4      | Reached XP level 6. HP: 13/45 MP: 0/0
  3567 | D:4      | Noticed Eustachio
  3589 | D:4      | Killed Eustachio
  3590 | D:4      | Reached skill level 4 in Spellcasting
  3601 | D:4      | Noticed Grinder
  3613 | D:4      | Killed Grinder
  3614 | D:4      | Reached XP level 7. HP: 50/50 MP: 0/0
  3614 | D:4      | Learned a level 2 spell: Call Imp
  3994 | D:4      | Noticed Robin
  4007 | D:4      | Killed Robin
  4351 | D:4      | Found a blossoming altar of Fedhas.
  4365 | D:4      | Identified the +1 spear of Massacring {venom, rCorr Int-2
                  | Stlth+}
  4404 | D:4      | Noticed Natasha
  4421 | D:4      | Killed Natasha
  4645 | D:4      | Reached skill level 5 in Spellcasting
  4701 | D:4      | Reached * piety under Hepliaklqana
  4701 | D:4      | Noticed Natasha
  4704 | D:4      | Killed Natasha
  4895 | D:5      | Entered Level 5 of the Dungeon
  4906 | D:5      | Reached XP level 8. HP: 44/52 MP: 0/0
  5117 | D:5      | Reached skill level 5 in Dodging
  5264 | D:5      | Noticed Blork the orc
  5272 | D:5      | Killed Blork the orc
  5279 | D:5      | Noticed Prince Ribbit
  5292 | D:5      | Killed Prince Ribbit
  5599 | D:5      | Noticed Menkaure
  5607 | D:5      | Killed Menkaure
  5608 | D:5      | Reached skill level 6 in Spellcasting
  5609 | D:5      | Reached XP level 9. HP: 33/57 MP: 0/0
  5609 | D:5      | Learned a level 4 spell: Dispel Undead
  5746 | D:5      | Reached skill level 5 in Fighting
  6114 | D:6      | Found a snail-covered altar of Cheibriados.
  6119 | D:6      | Noticed Sigmund
  6124 | D:6      | Killed Sigmund
  6238 | D:6      | Reached ** piety under Hepliaklqana
  6239 | D:6      | Remembered your ancestor Eetadik as a knight
  6478 | D:6      | Noticed Edmund
  6485 | D:6      | Killed Edmund
  6630 | D:6      | Reached skill level 7 in Spellcasting
  7259 | D:7      | Found a shadowy altar of Dithmenos.
  7713 | D:7      | Reached XP level 10. HP: 62/64 MP: 0/0
  7779 | D:7      | Reached skill level 8 in Spellcasting
  7914 | D:7      | Found a staircase to the Ecumenical Temple.
  8172 | D:8      | Found a glowing golden altar of the Shining One.
  8324 | D:8      | Reached *** piety under Hepliaklqana
  8324 | D:8      | Found Hoydwoap's Distillery.
  8389 | D:8      | Killed Erica
  8640 | D:8      | Bought a potion of heal wounds for 60 gold pieces
  8642 | D:8      | Found a large runed translucent door.
  8643 | D:8      | Found a large runed translucent door.
  8650 | D:8      | Noticed Maurice
  8665 | D:8      | Killed Maurice
  8733 | D:8      | Noticed Gastronok
  8743 | D:8      | Killed Gastronok
  8744 | D:8      | Reached skill level 9 in Spellcasting
  8744 | D:8      | Reached XP level 11. HP: 72/72 MP: 0/0
  8744 | D:8      | Learned a level 5 spell: Agony
  8987 | D:8      | Noticed a five-headed hydra
  9133 | D:9      | Noticed a death knight
  9159 | D:9      | Killed a death knight
  9239 | D:9      | Noticed Pikel
  9246 | D:9      | Killed Pikel
  9297 | D:9      | Noticed a fire crab
  9303 | D:9      | Killed a fire crab
  9800 | D:9      | Reached skill level 10 in Spellcasting
  9862 | D:9      | Noticed Grum
  9865 | D:9      | Noticed Harold
  9869 | D:9      | Killed Grum
  9872 | D:9      | Killed Harold
  9873 | D:9      | Reached skill level 10 in Dodging
 10025 | D:9      | Reached **** piety under Hepliaklqana
 10185 | D:10     | Entered Level 10 of the Dungeon
 10349 | D:10     | Found a bloodstained altar of Trog.
 10491 | D:10     | Reached skill level 1 in Evocations
 10491 | D:10     | Reached XP level 12. HP: 77/80 MP: 0/0
 10500 | D:10     | Reached skill level 1 in Invocations
 10751 | D:10     | Found a staircase to the Orcish Mines.
 10960 | D:11     | Found a broken altar of Ashenzari.
 11062 | D:11     | Found a staircase to the Lair.
 11268 | D:11     | Noticed a seven-headed hydra
 11274 | D:11     | Killed a seven-headed hydra
 11976 | Lair:1   | Entered Level 1 of the Lair of Beasts
 12020 | Lair:1   | Reached skill level 11 in Spellcasting
 12071 | Lair:1   | Found a runed translucent gate.
 12071 | Lair:1   | Found a runed translucent gate.
 12071 | Lair:1   | Found a runed translucent gate.
 12072 | Lair:1   | Noticed a glowing orange brain
 12072 | Lair:1   | Noticed porpoise's ghost (journeyman DsGl)
 12485 | Lair:1   | Reached XP level 13. HP: 86/86 MP: 0/0
 12485 | Lair:1   | Learned a level 5 spell: Fireball
 12500 | Lair:1   | Reached skill level 10 in Fighting
 12551 | Lair:1   | Reached ***** piety under Hepliaklqana
 12629 | Lair:1   | Noticed Maggie
 12637 | Lair:1   | Killed Maggie
 12879 | Lair:1   | Found a viscous altar of Jiyva.
 13356 | Lair:2   | Reached skill level 5 in Evocations
 13605 | Lair:2   | Reached skill level 5 in Invocations
 14361 | Lair:3   | Found a dark tunnel.
 14370 | Volcano  | Entered a volcano
 14613 | Volcano  | Reached skill level 12 in Spellcasting
 14708 | Volcano  | Reached XP level 14. HP: 71/92 MP: 0/0
 14848 | Lair:3   | Identified the +1 robe "Temm" {rElec rC++ MP+9 Dex+3}
 15010 | Lair:3   | Found a hide-covered altar of Uskayaw.
 16239 | Lair:4   | Reached ****** piety under Hepliaklqana
 16251 | Lair:4   | Found a hole to the Spider Nest.
 16436 | Lair:4   | Found a staircase to the Shoals.
 16590 | Lair:4   | Found a runed translucent door.
 16592 | Lair:4   | Noticed flotson's ghost (journeyman DsGl)
 16673 | Lair:4   | Killed flotson's ghost
 17205 | Lair:5   | Noticed Urug
 17209 | Lair:5   | Killed Urug
 17396 | Lair:5   | Found a staircase to the Slime Pits.
 17939 | Lair:5   | Reached XP level 15. HP: 99/99 MP: 0/0
 17939 | Lair:5   | Learned a level 6 spell: Dispersal
 18228 | Lair:5   | Reached skill level 13 in Spellcasting
 18350 | Lair:6   | Entered Level 6 of the Lair of Beasts
 18580 | D:8      | Found a hide-covered altar of Uskayaw.
 18583 | D:8      | Found a broken altar of Ashenzari.
 18752 | Lair:1   | Killed porpoise's ghost
 20414 | D:12     | Reached XP level 16. HP: 103/107 MP: 0/0
 20931 | D:12     | Noticed Frances
 20938 | D:12     | Killed Frances
 21231 | Orc:1    | Entered Level 1 of the Orcish Mines
 21356 | Orc:1    | Reached skill level 14 in Spellcasting
 21996 | Orc:2    | Entered Level 2 of the Orcish Mines
 21996 | Orc:2    | Found a staircase to the Elven Halls.
 22069 | Orc:2    | Noticed Donald
 22080 | Orc:2    | HP: 4/108 [Donald (41)]
 22081 | Orc:2    | Mangled by Donald

Illustrated notes

Levels and vault maps discovered:
D:1:      minmay_arrival_shattered_statue, layout_basic,
          dreamdust_ecumenical_altar_grove
D:2:      layout_loops_ring, basic_altar, serial_bayou, serial_bayou_shore_a,
          serial_bayou_pond_a, serial_bayou_pond_e, serial_bayou_ford_a,
          minmay_stone_trees_small
D:3:      layout_loops_ring, regret_index_temple_of_mockery,
          nemelex_xobeh_ov_fountains_minmay, chequers_serial_rivers_small_a
D:4:      layout_basic, mainiacjoe_overflow_24_doors,
          corexii_item_surrounded_by_moat, uniq_robin, uniq_eustachio,
          uniq_natasha, uniq_grinder
D:5:      layout_gridville, fiery_altar_vehumet, hangedman_minor_gate_pass,
          uniq_prince_ribbit1, uniq_menkaure, uniq_blork_the_orc
D:6:      layout_basic, general_overflow_altar, minivault_5,
          minmay_quadrilaterals, uniq_sigmund, uniq_edmund
D:7:      layout_cave_pools, mainiacjoe_overflow_boulevard,
          minmay_temple_entry_statues_fountains
D:8:      layout_basic, nicolae_tso_swordbearing_angel, jmf_multi_god_temple2,
          serial_shops, nicolae_stop_n_shop_2, uniq_maurice, uniq_gastronok,
          uniq_erica
D:9:      minmay_thick_lines, layout_irregular_city, minmay_misc_feat_pillars,
          uniq_pikel, uniq_harold, uniq_grum
D:10:     layout_roguey, kennysheep_little_box, david_orc_5
D:11:     layout_grid_maze, minmay_lair_entry_grove,
          ashenzari_conservatory_becter
D:12:     layout_basic, nicolae_wwwww, feat_on_display, uniq_frances
Lair:1:   layout_chaotic_city, gammafunk_ghost_ooze, minmay_shattered_shrine,
          uniq_maggie
Lair:2:   layout_layer_cave, grunt_megastairs_2
Lair:3:   layout_cave_pods, nicolae_volcano_entry_lava_flow, basic_altar,
          lemuel_fruit_fields
Lair:4:   layout_cave_shapes, elwin_shoals_entry_rocks,
          spider_nest_entry_rubble, ebering_ghost_inner_flame
Lair:5:   layout_cave_pods, minmay_slime_entry_oklob_open, grunt_megastairs_4,
          uniq_urug
Lair:6:   gammafunk_lair_ancient_temple, layout_misc_corridors
Orc:1:    layout_caves, abandoned_shop, minmay_orc_temple_c
Orc:2:    grunt_orc_cross, layout_caves, serial_shops, shop,
          kennysheep_orc_sif_temple, uniq_saint_roka, uniq_donald

Skill      XL: |  1  2  3  4  5  6  7  8  9 10 11 12 13 14 15 16 |
---------------+-------------------------------------------------+-----
Fighting       | 1 2 3 4 6 7 9 10 11 12 | 12.6
Spellcasting   | 3 4 5 6 7 9 10 11 12 13 14 | 14.0
Dodging        | 3 4 6 7 8 10 11 12 13 | 13.9
Evocations     | 1 4 5 7 8 9 |  9.0
Invocations    | 3 5 7 8 9 |  9.0
Stealth        | |  1.5

Action                   |  1- 3 |  4- 6 |  7- 9 | 10-12 | 13-15 | 16-18 || total
-------------------------+-------+-------+-------+-------+-------+-------++-------
Melee: Spear             |     2 |       |       |       |       |       ||     2
       Scimitar          |       |       |       |     2 |     4 |       ||     6
       Eveningstar       |       |       |       |       |     5 |       ||     5
 Cast: Foxfire           |    51 |    37 |    46 |    67 |    21 |       ||   222
       Scorch            |       |    17 |     5 |    21 |       |       ||    43
       Inner Flame       |       |     2 |    52 |   107 |   188 |    73 ||   422
       Conjure Flame     |       |       |     2 |       |       |       ||     2
       Call Imp          |       |       |     1 |       |       |       ||     1
       Agony             |       |       |       |     3 |       |       ||     3
       Fireball          |       |       |       |       |   147 |    54 ||   201
       Freeze            |       |       |       |       |    22 |       ||    22
       Dispersal         |       |       |       |       |     2 |       ||     2
Invok: Ancestor Identity |       |       |     1 |       |       |       ||     1
       Ancestor Life: Kn |       |       |     1 |       |       |       ||     1
       Recall Ancestor   |       |       |       |       |     2 |       ||     2
  Use: Scroll            |       |     3 |     5 |     5 |     6 |     1 ||    20
       Potion            |       |       |       |       |       |     1 ||     1
Armor: Robe              |     5 |     2 |     3 |       |       |       ||    10
       Skin              |       |     6 |       |       |       |       ||     6
       Leather armour    |       |       |     3 |       |       |       ||     3
       Troll leather arm |       |       |       |     7 |    21 |     1 ||    29
Dodge: Dodged            |    21 |    13 |    23 |    33 |    64 |     3 ||   157

Table legend: (Time is in decaauts)
 A = Elapsed time spent in this place.
 B = Non-inter-level travel time spent in this place.
 C = Inter-level travel time spent in this place.
 D = Time resting spent in this place.
 E = Time spent auto-exploring this place.
 F = Levels seen in this place.
 G = Mean time per level.
                   A        B        C        D        E       F      G
               +--------+--------+--------+--------+--------+-----+--------+
         Total |  22100 |  20930 |   1170 |    725 |  15818 |  21 | 1052.4 |
       Dungeon |  13191 |  12452 |    739 |    401 |  10066 |  12 | 1099.2 |
          Lair |   7635 |   7232 |    403 |    185 |   5109 |   6 | 1272.5 |
  Orcish Mines |    849 |    822 |     27 |      2 |    551 |   2 |  424.5 |
       Volcano |    424 |    424 |      0 |    137 |     92 |   1 |  424.0 |
               +--------+--------+--------+--------+--------+-----+--------+

Top non-repeatable levels by time:
     D:4: 1568 daAuts
  Lair:5: 1499 daAuts
  Lair:1: 1373 daAuts
     D:1: 1298 daAuts
  Lair:4: 1280 daAuts
  Lair:2: 1272 daAuts
     D:3: 1264 daAuts
  Lair:3: 1239 daAuts
     D:5: 1211 daAuts
     D:6: 1147 daAuts
     D:8: 1139 daAuts
    D:11: 1083 daAuts
     D:9: 1053 daAuts
  Lair:6: 969 daAuts
    D:12: 928 daAuts
